 Dungeon Crawl Stone Soup version 0.24-a0-181-gd121a6d (console) character file.

Game seed: 5283313490780230399

609 Duffy the Insei (level 7, -5/43 HPs)
             Began as an Octopode Transmuter on Mar 14, 2019.
             Slain by a sky beast (6 damage)
             ... on level 5 of the Dungeon.
             The game lasted 00:05:41 (6256 turns).

Duffy the Insei (Octopode Transmuter)               Turns: 6256, Time: 00:05:42

Health: -5/43      AC:  1    Str: 10    XL:     7   Next: 43%
Magic:  10/10      EV: 13    Int: 17    God:
Gold:   186        SH:  0    Dex: 12    Spells: 5/11 levels left

rFire    . . .     SeeInvis .     - Unarmed
rCold    . . .     Gourm    .   (no shield)
rNeg     . . .     Faith    .   (helmet restricted)
rPois    .         Spirit   .   n - amulet of rage
rElec    .         Reflect  .   (no ring)
rCorr    .         Harm     .   (no ring)
MR       .....                  (no ring)
Stlth    ++........             (no ring)
HPRegen  0.14/turn              (no ring)
MPRegen  0.12/turn              (no ring)
                                (no ring)
                                (no ring)

@: no status effects
A: almost no armour, stealthy swim, amphibious, 8 rings, constrict 8, camouflage
1, gelatinous body 1
a: Evoke Berserk Rage


You were on level 5 of the Dungeon.
You were not hungry.

You visited 1 branch of the dungeon, and saw 6 of its levels.

You collected 186 gold pieces.

Inventory:

Missiles
 a - 10 arrows
Armour
 u - a +0 shield
Jewellery
 n - an amulet of rage (around mantle)
Wands
 m - a wand of enslavement (10)
 y - a wand of random effects (2)
Scrolls
 b - 3 scrolls of teleportation {unknown}
 d - 4 scrolls of enchant weapon {unknown}
 f - a scroll of fog {unknown}
 p - 4 scrolls of remove curse {unknown}
 q - a scroll of noise {unknown}
 s - a scroll of immolation {unknown}
 w - a scroll of enchant armour {unknown}
 x - 2 scrolls of identify {unknown}
Potions
 e - 3 potions of mutation {unknown}
 g - 4 potions of cancellation {unknown}
 h - a potion of degeneration {unknown}
 i - 3 potions of might {unknown}
 j - 3 potions of lignification {unknown}
 k - a potion of berserk rage {unknown}
 l - a potion of haste {unknown}
 o - 2 potions of invisibility {unknown}
 r - 2 potions of curing {unknown}
 t - 2 potions of heal wounds {unknown}
 v - a potion of resistance {unknown}
 z - a potion of flight {unknown}
Comestibles
 c - 12 rations


   Skills:
 - Level 1.0 Fighting
 - Level 2.0 Dodging
 + Level 5.7 Unarmed Combat
 - Level 2.5 Spellcasting
 - Level 3.1 Transmutations
 - Level 2.5 Poison Magic
 + Level 4.7 Evocations


You had 5 spell levels left.
You knew the following spells:

 Your Spells              Type           Power        Failure   Level  Hunger
h - Spider Form           Tmut/Pois      ##........   17%         3    ###....
j - Sticks to Snakes      Tmut           ##......     8%          2    ##.....
k - Beastly Appendage     Tmut           ##....       4%          1    #......

Your spell library contained the following spells:

 Spells                   Type           Power        Failure   Level  Hunger
 Animate Skeleton         Necr           N/A          19%         1    #......
 Pain                     Necr           #...         19%         1    #......
 Regeneration             Chrm/Necr      #.........   50%         3    ###....
 Vampiric Draining        Necr           #.........   50%         3    ###....
 Ice Form                 Ice/Tmut       #.......     67%         4    #####..
 Blade Hands              Tmut           ##........   80%         5    ######.
 Animate Dead             Necr           N/A          88%         4    #####..


Dungeon Overview and Level Annotations

Branches:
Dungeon (6/15)
 Temple: D:4-7

Altars:
Dithmenos
Elyvilon
Uskayaw

Annotations:
D:5 exclusion: ice beast
D:6 Edmund


Innate Abilities, Weirdness & Mutations

You cannot wear most types of armour.
You are very stealthy in the water. (Stealth+)
You are amphibious.
You can wear up to eight rings at the same time.
You can use your tentacles to constrict eight enemies at once.
Your skin changes colour to match your surroundings (Stealth+).
Your rubbery body absorbs attacks. (AC +1, EV +1)


Message History

Reactivating autopickup.
The sky beast hits you. The sky beast shocks you.
You tentacle-slap the sky beast but do no damage.
The sky beast hits you. The sky beast shocks you.
You barely miss the sky beast.
Your tentacle-slap misses the sky beast.
The sky beast hits you. The sky beast shocks you.
You tentacle-slap the sky beast but do no damage.
The sky beast barely misses you.
The sky beast flickers out of sight!
Deactivating autopickup; reactivate with Ctrl-A.
There is a stone staircase leading up here.
Something hits you. Something shocks you.
You climb upwards.
Level annotation: exclusion: ice beast Reactivating autopickup.
There is a stone staircase leading down here.
You eat one of the 13 rations.
That ration really hit the spot!
Something hits you. Something shocks you.
You die...

#.##......###..#.........#.
###....................#.#.
####..###.............##..
##.....####.............>..
#...................##...##
#..<#........#......#.....)
##...#........#............>
#....##..............##...#.
##........@...............##
###.....{.#...........#..##
#########......>..##..............#
#.................####.............
#.#####.#####.....####.............
#.#####.....#....[.)...#.........##
#.##....###.#......#...###.......#.
#.##....###.#.....###..##..........
#.##.....##.#......##..##..........


There were no monsters in sight!

Vanquished Creatures
  A phantom (D:5)
  An ogre (D:5)
  A crimson imp (D:1)
  2 bullfrog zombies (D:5)
  Ijyb (D:5)
  An iguana (D:4)
  An orc wizard (D:4)
  2 worker ants
  A hound skeleton (D:3)
  A worker ant zombie (D:6)
  3 gnolls
  5 adders
  A shadow imp (D:5)
  2 worms
  2 dart slugs (D:2)
  8 leopard geckos
  10 orcs
  A ball python (D:4)
  8 bats
  8 goblins
  8 hobgoblins
  7 quokkas
  A frilled lizard (D:5)
  A giant cockroach zombie (D:5)
  4 kobolds
  8 rats
89 creatures vanquished.

Vanquished Creatures (collateral kills)
  A gnoll (D:3)
1 creature vanquished.

Grand Total: 90 creatures vanquished

Notes
Turn   | Place    | Note
-------+----------+-------------------------------------------
     0 | D:1      | Duffy the Octopode Transmuter began the quest for the Orb.
     0 | D:1      | Reached XP level 1. HP: 13/13 MP: 3/3
   190 | D:1      | Reached XP level 2. HP: 3/18 MP: 5/5
   927 | D:1      | Learned a level 2 spell: Sticks to Snakes
  1243 | D:1      | Reached XP level 3. HP: 18/23 MP: 6/6
  1251 | D:1      | Learned a level 3 spell: Spider Form
  1652 | D:1      | Reached skill level 1 in Poison Magic
  1652 | D:1      | Reached XP level 4. HP: 17/28 MP: 7/7
  2009 | D:2      | You fall through a shaft for 2 floors!
  2706 | D:3      | HP: 1/28 [gnoll/+0 flail (8)]
  2751 | D:3      | Reached XP level 5. HP: 6/33 MP: 5/8
  3008 | D:2      | Reached skill level 1 in Evocations
  3280 | D:2      | Reached skill level 4 in Unarmed Combat
  3998 | D:3      | Found a shadowy altar of Dithmenos.
  4240 | D:4      | Reached XP level 6. HP: 26/38 MP: 6/9
  4849 | D:5      | Entered Level 5 of the Dungeon
  5236 | D:5      | Noticed an ice beast
  5307 | D:5      | Found a hide-covered altar of Uskayaw.
  5307 | D:5      | Noticed Ijyb
  5321 | D:5      | Killed Ijyb
  5321 | D:5      | Reached skill level 5 in Unarmed Combat
  5464 | D:5      | Noticed a phantom
  5509 | D:5      | Killed a phantom
  5509 | D:5      | Reached XP level 7. HP: 23/43 MP: 10/10
  5689 | D:5      | Found a white marble altar of Elyvilon.
  6205 | D:6      | Noticed Edmund
  6252 | D:6      | HP: 2/43 [something (5)]
  6256 | D:5      | Slain by a sky beast

Levels and vault maps discovered:
D:1:      matt_arrival_los_fun, layout_loops_ring
D:2:      layout_basic
D:3:      layout_basic, grunt_dithmenos_smoke, first_ration,
          minmay_misc_feat_square, minivault_27, kennysheep_boxes
D:4:      layout_basic
D:5:      layout_cave_pools, eat_drink_and_be_merry_uskayaw,
          nicolae_overflow_crystal_walls, uniq_ijyb
D:6:      layout_loops_ring, grunt_qazlal_clouds, temple_green, serial_shops,
          nicolae_shop_behind_doors, minmay_misc_feat_enclosed,
          fedhas_altar_decomposition, uniq_edmund

Skill      XL: |  1  2  3  4  5  6 |
---------------+-------------------+-----
Transmutations | 3 |  3.1
Poison Magic   | 1 2 |  2.5
Evocations     | 2 4 |  4.7
Unarmed Combat | 4 5 |  5.7
Fighting       | |  1.0
Dodging        | |  2.0
Spellcasting   | |  2.5

Action                   |  1- 3 |  4- 6 |  7- 9 || total
-------------------------+-------+-------+-------++-------
Melee: Unarmed           |    67 |   171 |    36 ||   274
       Constrict         |    20 |    23 |     2 ||    45
       Tentacles         |     8 |    20 |     3 ||    31
       Punch             |       |     2 |       ||     2
 Cast: Sticks to Snakes  |       |     2 |       ||     2
       Spider Form       |       |     9 |     3 ||    12
 Abil: Evoke Berserk Rag |       |     1 |       ||     1
Evoke: Wand              |       |    15 |     5 ||    20
 Stab: Sleeping          |     4 |     4 |     1 ||     9
  Eat: Chunk             |     2 |    15 |       ||    17
       Ration            |       |       |     1 ||     1
Armor: Skin              |     3 |    12 |       ||    15
Dodge: Dodged            |    41 |   120 |    18 ||   179

Table legend:
 A = Non-vault XP
 B = Vault XP
 C = Vault XP percentage of total XP
 D = Non-vault monster count
 E = Vault monster count
 F = Vault count percentage of total count
                 A         B        C        D         E       F
            +---------+---------+-------+---------+---------+-------
      Total |     832 |      38 |   4.4 |      89 |       1 |   1.1
            +---------+---------+-------+---------+---------+-------
        D:1 |      93 |       0 |   0.0 |      25 |       0 |   0.0
        D:2 |      91 |       0 |   0.0 |      20 |       0 |   0.0
        D:3 |      84 |       0 |   0.0 |      16 |       0 |   0.0
        D:4 |     135 |       0 |   0.0 |      10 |       0 |   0.0
        D:5 |     406 |      38 |   8.6 |      15 |       1 |   6.2
        D:6 |      23 |       0 |   0.0 |       3 |       0 |   0.0
            +---------+---------+-------+---------+---------+-------
